 Dungeon Crawl Stone Soup version 0.27-a0-808-g60bc5d92e6 (webtiles) character file.

Game seed: 2385008395539489660

168 rageheart7 the Skirmisher (level 5, -1/42 HPs)
             Began as a Human Artificer on Mar 28, 2021.
             Killed from afar by a dart slug (7 damage)
             ... with a slug dart
             ... on level 3 of the Dungeon.
             The game lasted 00:04:37 (4536 turns).

rageheart7 the Skirmisher (Human Artificer)         Turns: 4536, Time: 00:04:38

Health: -1/42      AC:  4    Str: 14    XL:     5   Next: 78%
Magic:  5/5        EV: 11    Int: 11    God:
Gold:   115        SH:  0    Dex: 13    Spells: 4/4 levels left

rFire    . . .     SeeInvis .   h - staff of earth
rCold    . . .     Faith    .   (no shield)
rNeg     . . .     Spirit   .   b - +0 leather armour
rPois    .         Reflect  .   (no helmet)
rElec    .         Harm     .   c - +0 cloak
rCorr    .         Rampage  .   (no gloves)
Will     .....                  (no boots)
Stlth    +.........             (no amulet)
HPRegen  0.14/turn              (no ring)
MPRegen  0.09/turn              (no ring)

@: no status effects
A: no striking features
a: no special abilities


You were on level 3 of the Dungeon.
You visited 1 branch of the dungeon, and saw 3 of its levels.

You collected 115 gold pieces.

Inventory:

Hand Weapons
 a - a +0 club
Armour
 b - a +0 leather armour (worn)
 c - a +0 cloak (worn)
Magical Staves
 h - a staff of earth (weapon)
Wands
 d - a wand of charming (12)
Scrolls
 f - a scroll of amnesia {unknown}
 g - 3 scrolls of enchant weapon {unknown}
 i - 2 scrolls of blinking {unknown}
 j - a scroll of identify {unknown}


   Skills:
 + Level 4.1 Fighting
 * Level 2.8 Staves
 - Level 2.0 Armour
 - Level 1.0 Dodging
 - Level 1.0 Stealth
 - Level 3.0 Evocations


You had 4 spell levels left.
You didn't know any spells.
Your spell library contained the following spells:

 Spells                   Type           Power      Damage    Failure   Level
 Animate Skeleton         Necr           0%         N/A       41%         1
 Apportation              Tloc           0%         N/A       41%         1
 Corona                   Hex            0%         N/A       41%         1
 Summon Small Mammal      Summ           0%         N/A       41%         1


Dungeon Overview and Level Annotations

Branches:
Dungeon (3/15)

Altars:
Elyvilon
Wu Jian
Yredelemnul

Annotations:
D:2 1 runed translucent door, Crazy Yiuf


Message History

The adder falls asleep!
The now-empty wand crumbles to dust.
You feel sick.
The helpless adder fails to defend itself.
You hit the adder.
The adder is heavily wounded.
You feel sick. The adder bites you.
You hit the adder.
The adder is almost dead.
You feel sick. The adder closely misses you. The adder barely misses you.
You closely miss the adder.
The adder is almost dead.
You feel sick. The adder barely misses you.
You closely miss the adder.
The adder is almost dead.
You feel sick. The adder bites you.
You hit the adder.
You kill the adder!
You feel sick.
You feel sick.
You are no longer poisoned.
The dart slug bites you.
* * * LOW HITPOINT WARNING * * *
You hit the dart slug.
The dart slug is lightly wounded.
The dart slug bites you.
* * * LOW HITPOINT WARNING * * *
You hit the dart slug.
The dart slug is moderately wounded.
The dart slug closely misses you.
You hit the dart slug but do no damage.
The dart slug is moderately wounded.
You hit the dart slug but do no damage.
The dart slug is moderately wounded.
The dart slug launches a dart at you. The slug dart hits you.
* * * LOW HITPOINT WARNING * * *
You hit the dart slug.
The dart slug is moderately wounded.
The dart slug launches a dart at you. The slug dart hits you!
You die...

##### ....# ###.# #.# #
#.# ############
###.#########...@w..!...
##............####..###.
#..########### ## ##..#
†...# ##.## #.# ##.#
...#


You could see a dart slug.

Vanquished Creatures
  A bullfrog (D:3)
  3 adders (D:3)
  2 dart slugs
  An orc (D:3)
  5 endoplasms
  3 giant cockroaches
  4 goblins
  7 hobgoblins
  9 jackals
  9 kobolds
  2 quokkas (D:3)
  7 ball pythons
  8 bats
  A frilled lizard (D:1)
  6 rats
68 creatures vanquished.

Vanquished Creatures (collateral kills)
  A hobgoblin (D:2)
  A jackal (D:3)
2 creatures vanquished.

Vanquished Creatures (others)
  A gnoll (D:3)
  A jackal (D:3)
2 creatures vanquished.

Grand Total: 72 creatures vanquished

Notes
Turn   | Place    | Note
-------+----------+-------------------------------------------
     0 | D:1      | rageheart7 the Human Artificer began the quest for the Orb.
     0 | D:1      | Reached XP level 1. HP: 15/15 MP: 1/1
   282 | D:1      | Reached skill level 2 in Fighting
   282 | D:1      | Reached XP level 2. HP: 19/22 MP: 2/2
   639 | D:1      | Reached XP level 3. HP: 22/28 MP: 3/3
  1512 | D:2      | Reached skill level 3 in Fighting
  1682 | D:2      | Found a faded altar of an unknown god.
  2187 | D:2      | Found a runed translucent door.
  2188 | D:2      | Noticed Crazy Yiuf
  2471 | D:2      | Reached XP level 4. HP: 32/35 MP: 4/4
  3217 | D:2      | Found an ornate altar of the Wu Jian Council.
  3217 | D:2      | Found a white marble altar of Elyvilon.
  3225 | D:2      | Found a faded altar of an unknown god.
  3227 | D:2      | Found a faded altar of an unknown god.
  3229 | D:2      | Found a basalt altar of Yredelemnul.
  3393 | D:3      | Reached skill level 1 in Staves
  4387 | D:3      | Reached XP level 5. HP: 42/42 MP: 5/5
  4437 | D:3      | Noticed a bullfrog
  4448 | D:3      | Killed a bullfrog
  4449 | D:3      | Reached skill level 4 in Fighting
  4536 | D:3      | Killed from afar by a dart slug

Illustrated notes

Levels and vault maps discovered:
D:1:      tarquinn_simple_flora_water_b, layout_basic
D:2:      layout_basic, chequers_temple_overflow_minitemple,
          chequers_ecumenical_altar_simple_redux, minmay_tiny_reverse_x,
          uniq_crazy_yiuf_cottage
D:3:      minmay_angry_zag, layout_loops_ring, lemuel_angel_altar

Skill      XL: |  1  2  3  4  5 |
---------------+----------------+-----
Fighting       | 2 3 4 |  4.1
Staves         | 1 2 |  2.8
Armour         | |  2.0
Dodging        | |  1.0
Stealth        | |  1.0
Evocations     | |  3.0

Action                   |  1- 3 |  4- 6 || total
-------------------------+-------+-------++-------
Melee: Club              |   136 |    12 ||   148
       Staff             |       |   162 ||   162
Evoke: Wand              |    20 |    13 ||    33
 Stab: Sleeping          |     3 |     4 ||     7
       Petrified         |       |     3 ||     3
       Petrifying        |       |     1 ||     1
       Confused          |       |     1 ||     1
Armor: Leather armour    |    71 |    48 ||   119
Dodge: Dodged            |   136 |   146 ||   282

Table legend: (Time is in decaauts)
 A = Elapsed time spent in this place.
 B = Non-inter-level travel time spent in this place.
 C = Inter-level travel time spent in this place.
 D = Time resting spent in this place.
 E = Time spent auto-exploring this place.
 F = Levels seen in this place.
 G = Mean time per level.
                   A        B        C        D        E       F      G
               +--------+--------+--------+--------+--------+-----+--------+
         Total |   4604 |   4550 |     54 |      0 |   3903 |   3 | 1534.7 |
       Dungeon |   4604 |   4550 |     54 |      0 |   3903 |   3 | 1534.7 |
               +--------+--------+--------+--------+--------+-----+--------+

Top non-repeatable levels by time:
     D:2: 1871 daAuts
     D:1: 1525 daAuts
     D:3: 1207 daAuts
